AoeStats
← Groove8733

Arabia

510289629Analyzed
1v1 RM · 1d ago on Sep 30, 2026· 50m 41s· 2 players
Game mode
Random Map
Map size
Tiny (2 player)
Population
200
Speed
Normal
Resources
Standard
Victory
Conquest
Starting age
Dark Age
Ending age
Imperial Age
RankedLock teamsTeams togetherTeam positionsShared explorationLock speedFull tech treeHidden civsTurbo modeCheats
Victory
Defeat
🇱🇹 Lithuanians · Lithuania
553
+16
🇦🇺 Bohemians · Australia
553
-27
Auryxzera
7:02 Loom
11:24 Feudal Age
12:40 Wheelbarrow
11:47 Horse Collar
11:55 Double-Bit Axe
22:52 Gold Mining
22:52 Stone Mining
27:25 Castle Age
26:07 Bloodlines
28:23 Hand Cart
28:10 Heavy Plow
28:38 Bow Saw
29:20 Stone Shaft Mining
28:36 Light Cavalry
28:41 Elite Skirmisher
29:15 Pikeman
29:56 Squires
34:03 Forging
33:54 Scale Mail Armor
33:59 Scale Barding Armor
33:44 Fletching
33:54 Padded Archer Armor
38:16 Masonry
37:46 Treadmill Crane
38:02 Murder Holes
38:27 Ballistics
40:42 Iron Casting
40:22 Chain Mail Armor
40:27 Chain Barding Armor
40:02 Bodkin Arrow
40:22 Leather Archer Armor
44:21 Imperial Age
45:43 Crop Rotation
46:21 Two-Man Saw
44:59 Elite Leitis
45:59 Conscription
45:18 Winged Hussar
45:31 Halberdier
47:07 Bracer
47:37 Ring Archer Armor
47:42 Plate Barding Armor
48:24 Architecture
48:55 Chemistry
Groove8733
3:47 Loom
10:41 Feudal Age
11:19 Horse Collar
12:21 Double-Bit Axe
17:56 Wheelbarrow
20:07 Castle Age
23:59 Scale Barding Armor
31:26 Bow Saw
36:16 Crossbowman
41:15 Imperial Age
39:03 Hand Cart
40:43 Chemistry
40:05 Ballistics
41:03 Light Cavalry
43:33 Chain Barding Armor
43:14 Padded Archer Armor
43:05 Fletching
45:21 Wagenburg Tactics
45:21 Hussite Reforms
Connection lost

Rejoining the realm…

Still unreachable

The connection could not be restored.

Session expired

The server has moved on; the page needs a fresh start.